 Dungeon Crawl Stone Soup version 0.30.0 (webtiles) character file.

Game seed: 14219796088537087400

10263 browni3141 the Purveyor of Pain (level 11, -2/83 HPs)
             Began as a Barachi Necromancer on May 7, 2023.
             Was an Initiate of Kikubaaqudgha.
             Slain by a centaur warrior
             ... wielding the +0 broad axe "Amyr" {heavy, SInv}
              (23 damage)
             ... on level 9 of the Dungeon.
             The game lasted 00:23:40 (11785 turns).

browni3141 the Purveyor of Pain (BaNe)             Turns: 11785, Time: 00:23:41

Health: -2/83      AC: 11    Str: 10    XL:     11   Next: 59%
Magic:  12/15      EV: 13    Int: 19    God:    Kikubaaqudgha [......]
Gold:   1266       SH:  0    Dex: 18    Spells: 4/16 levels left

rFire   . . .        u - +2 short sword (venom)
rCold   + + .        (no shield)
rNeg    . . .        S - +1 ring mail of Sorcery {-Tele rC++ Dex+5}
rPois   .            (no helmet)
rElec   .            (no cloak)
rCorr   .            H - +3 pair of gauntlets of War {Slay+5}
SInv    .            (no boots)
Will    .....        (no amulet)
Stlth   ++           (no ring)
HPRegen 0.33/turn    (no ring)
MPRegen 0.14/turn

%: no teleportation
@: unable to hop, studying Axes, slow
A: amphibious, slowness 1, strong legs 1, +LOS
a: Hop, Renounce Religion


You were on level 9 of the Dungeon.
You worshipped Kikubaaqudgha.
Kikubaaqudgha was noncommittal.
You visited 2 branches of the dungeon, and saw 10 of its levels.
You also visited: Sewer.

You collected 1266 gold pieces.

Inventory:

Hand Weapons
 a - a +4 falchion of freezing
 n - a +0 short sword
 s - a +2 long sword of protection
 u - a +2 short sword of venom (weapon)
Missiles
 y - 3 boomerangs of dispersal
 J - 21 poisoned darts (quivered)
 T - 6 boomerangs
Armour
 H - the +3 pair of gauntlets of War (worn) {Slay+5}
   (You acquired it on level 8 of the Dungeon)

   Slay:      It affects your accuracy & damage with ranged weapons and melee
   (+5).
 K - a +0 ring mail
 S - the +1 ring mail of Sorcery (worn) {-Tele rC++ Dex+5}
   (You found it on level 2 of the Dungeon)

   Dex:       It affects your dexterity (+5).
   rC:        It greatly protects you from cold.
   -Tele:     It prevents most forms of teleportation.
 V - a +0 robe
Magical Staves
 b - a staff of death
 M - a staff of poison
Scrolls
 x - 2 scrolls of silence
 z - 2 scrolls of enchant weapon
 A - 2 scrolls of amnesia {unknown}
 B - a scroll of immolation {unknown}
 D - 3 scrolls of poison {unknown}
 G - a scroll of magic mapping {unknown}
 I - 2 scrolls of vulnerability {unknown}
 O - a scroll of brand weapon {unknown}
 Q - 3 scrolls of noise {unknown}
 R - 4 scrolls of blinking
 U - 4 scrolls of fear {unknown}
 Z - 6 scrolls of teleportation {unknown}
Potions
 m - 2 potions of magic
 v - a potion of flight {unknown}
 C - 2 potions of curing
 E - 2 potions of resistance
 L - 2 potions of brilliance
 N - a potion of ambrosia {unknown}
 W - a potion of might {unknown}
 X - 2 potions of mutation {unknown}
 Y - 2 potions of haste {unknown}


   Skills:
 + Level 6.9 Fighting
 - Level 2.0(5.2) Short Blades
 * Level 8.4(8.5) Long Blades
 + Level 6.0 Armour
 + Level 5.8 Dodging
 - Level 2.0 Stealth
 - Level 3.0 Spellcasting
 - Level 4.0 Hexes
 - Level 12.0 Necromancy
 - Level 3.0 Evocations


You had 4 spell levels left.
You knew the following spells:

 Your Spells              Type           Power      Damage    Failure   Level
a - Anguish               Hex/Necr       16%        N/A       13%         4
d - Animate Dead          Necr           48%        N/A       2%          4
v - Vampiric Draining     Necr           48%        2d9       1%          3
N - Necrotise             Necr           100%       1d9       1%          1

Your spell library contained the following spells:

 Spells                   Type           Power      Damage    Failure   Level
 Kiss of Death            Conj/Necr      100%       2d13      3%          1
 Freeze                   Ice            8%         1d3       34%         1
 Dazzling Flash           Conj/Hex       20%        N/A       41%         3
 Inner Flame              Hex/Fire       10%        N/A       41%         3
 Frozen Ramparts          Ice            4%         1d1       71%         3
 Hailstorm                Conj/Ice       2%         3d3       71%         3
 Flame Wave               Conj/Fire      2%         2d4       98%         4
 Sticky Flame             Conj/Fire      2%         2d3       98%         4
 Agony                    Necr           48%        N/A       7%          5
 Silence                  Hex/Air        5%         N/A       99%         5
 Enfeeble                 Hex            9%         N/A       100%        7


Dungeon Overview and Level Annotations

Branches:
Dungeon (9/15)             Temple (1/1) D:7            Lair (0/5) D:8
  Sewer (visited)
    Orc: D:9-12

Altars:
Ashenzari
Cheibriados
Dithmenos
Elyvilon
Fedhas
Gozag
Hepliaklqana
Kikubaaqudgha
Makhleb
Nemelex Xobeh
Okawaru
Qazlal
Ru
Sif Muna
Trog
Uskayaw
Vehumet
Wu Jian
Xom
Yredelemnul
Zin
The Shining One

Shops:
D:3 *


Innate Abilities, Weirdness & Mutations

You are amphibious.
You cover ground slowly.
You can hop short distances.
You have an extended range of vision and can be seen from far away.


Message History

* * * LOW HITPOINT WARNING * * *
The tengu warrior hits your cyclops zombie with a +0 battleaxe.
The tengu warrior misses you. The tengu warrior claws you.
* * * LOW HITPOINT WARNING * * *
Your cyclops zombie barely misses the tengu warrior.
Unknown command.
Okay, then.
Press: ? - help, v - describe, . - travel The floor, spattered with blood.
Press: ? - help, v - describe, . - travel, g - get item
Here: a tengu warrior, wielding a +0 battleaxe and wearing a +0 ring mail (almost dead, ally target) Item here: a poisoned dart.
The floor, spattered with blood.
Unknown command.
Unknown command.
You hit the tengu warrior.
You kill the tengu warrior!
Kikubaaqudgha accepts your kill.
Training target 4.0 for Hexes reached!
Your Armour skill increases to level 6!
Your Hexes skill increases to level 4!
You start resting.
You are ready to hop once more.
You start resting.
Magic restored.
You start resting.
A centaur warrior comes into view.
It is wielding the +0 broad axe "Amyr" {heavy, SInv} and wearing the ring "Yvvossol" {rCorr Str+6 Dex+7}.
An arrow appears from out of your range of vision.
The arrow hits your cyclops zombie!
You see here a bullfrog corpse.
Hop to where?
Press: ? - help, Dir - move target Boing!
An arrow appears from out of your range of vision. x2
The arrow hits your cyclops zombie!! What are your orders? t - Croak!
Orders for allies: a - Attack new target. r - Retreat! s - Stop attacking. g - Guard the area. f - Follow me.
Anything else - Cancel.
Retreat in which direction?
Press: ? - help, Dir - move target Fall back!
An arrow appears from out of your range of vision.
The arrow hits your cyclops zombie!
Your cyclops zombie is destroyed!
As you read the scroll of fog, it crumbles to dust.
The scroll dissolves into smoke.
The centaur warrior shouts!
The centaur warrior shoots an arrow.
The arrow hits you but does no damage.
The centaur warrior shoots an arrow.
The arrow closely misses you.
As you read the scroll of identify, it crumbles to dust.
z - 2 scrolls of enchant weapon
Okay, then.
Unknown command.
Okay, then.
Okay, then.
As you read the scroll labelled KARON XUABUE, it crumbles to dust.
You cannot blink because you are wearing the +1 ring mail of Sorcery {-Tele rC++ Dex+5}.
It was a scroll of blinking.
Press: ? - help, . - travel You can't see that place. [an open door.] Unknown command.
You start resting.
A centaur warrior is nearby!
The centaur warrior unwields a +0 shortbow.
The centaur warrior wields the +0 broad axe "Amyr" {heavy, SInv}.
The centaur warrior hits you with the +0 broad axe "Amyr" {heavy, SInv}!
The centaur warrior kicks you but does no damage.
Aiming: Paralyse
Press: ? - help, Shift-Dir - straight line, f - centaur warrior
Aim: a centaur warrior, wielding the +0 broad axe "Amyr" {heavy, SInv} and wearing the ring "Yvvossol" {rCorr Str+6 Dex+7} (chance to affect: 38%)
The centaur warrior resists with some effort.
The centaur warrior hits you but does no damage.
The centaur warrior completely misses you.
Aiming: Paralyse
Press: ? - help, Shift-Dir - straight line, f/p - centaur warrior
Aim: a centaur warrior, wielding the +0 broad axe "Amyr" {heavy, SInv} and wearing the ring "Yvvossol" {rCorr Str+6 Dex+7} (chance to affect: 38%)
The centaur warrior resists with some effort.
The centaur warrior closely misses you.
The centaur warrior kicks you but does no damage.
Aiming: Paralyse
Press: ? - help, Shift-Dir - straight line, f/p - centaur warrior
Aim: a centaur warrior, wielding the +0 broad axe "Amyr" {heavy, SInv} and wearing the ring "Yvvossol" {rCorr Str+6 Dex+7} (chance to affect: 38%)
The centaur warrior resists with some effort.
The now-empty wand crumbles to dust.
The centaur warrior hits you with the +0 broad axe "Amyr" {heavy, SInv}!!
* * * LOW HITPOINT WARNING * * *
The centaur warrior kicks you but does no damage.
Casting: Vampiric Draining (safe; 1% risk of failure)
Confirm with . or Enter, or press ? or * to list all spells.
Aiming: Vampiric Draining (safe; 1% risk of failure)
Press: ? - help, Shift-Dir - straight line, f/p - centaur warrior
Aim: a centaur warrior, wielding the +0 broad axe "Amyr" {heavy, SInv} and wearing the ring "Yvvossol" {rCorr Str+6 Dex+7} (black smoke)
You draw life force from the centaur warrior!
You feel life coursing into your body.
The centaur warrior hits you with the +0 broad axe "Amyr" {heavy, SInv}!!
You die...
Kikubaaqudgha rasps: "You have failed me!
Welcome... death!"

#...######......)....#
#. ###.................
##...................#
#...........######....#
.............# ....#
..........§§§# ...#
..........§§§# ..#
..........§§§# ..
..........§§@#
.......§.§§c# .
####....§.§######....
#...§§§.†.........
#......§.)).......
#.....§§..........
+.................
#...##''#......... #.##
...#?........


You could see a centaur warrior.

Vanquished Creatures
  2 centaur warriors
  2 death yaks (D:8)
  A tengu warrior (D:9)
  Prince Ribbit (D:6)
  A hornet (D:8)
  A wraith (D:9)
  A wyvern (D:8)
  3 yaks
  A steam dragon (D:8)
  2 water moccasins
  3 orc warriors
  3 ice beasts
  2 sky beasts
  2 centaurs
  4 ogres
  4 kobold brigands
  A phantom (D:4)
  3 bullfrogs
  A gnoll sergeant (D:9)
  3 scorpions (D:6)
  8 wights (D:8)
  10 killer bees
  7 hounds
  3 orc priests
  A gnoll bouda (D:7)
  4 iguanas
  4 jellies
  A sleepcap (D:6)
  Jessica (D:3)
  2 orc wizards
  6 gnolls
  12 adders
  4 river rats (Sewer)
  2 shadow imps (D:6)
  2 white imps
  3 ufetubi
  3 worms
  5 dart slugs
  10 orcs
  8 ball pythons
  9 endoplasms
  A giant cockroach (D:3)
  11 goblins
  11 hobgoblins
  3 jackals (D:1)
  4 quokkas
  4 bats
  4 frilled lizards
  13 kobolds
  9 rats
206 creatures vanquished.

Vanquished Creatures (collateral kills)
  A hydra (D:9)
  A death yak (D:8)
  A cyclops (D:9)
  3 yaks (D:8)
  A wyvern (D:9)
  An orc warrior (D:9)
  2 gnolls (D:3)
  2 goblins (D:5)
  A bat (D:1)
13 creatures vanquished.

Vanquished Creatures (others)
  A centaur warrior (D:9)
  Erica (D:9)
  A two-headed ogre (D:8)
  A wizard (D:8)
  A deep elf pyromancer (D:9)
  An orc knight (D:9)
  3 centaur zombies
  A troll (D:9)
  A hydra zombie (D:9)
  A human zombie (D:8)
  A two-headed ogre zombie (D:8)
  An elf zombie (D:9)
  An orc warrior (D:9)
  A wyvern zombie (D:8)
  A cyclops zombie (D:9)
  2 yak zombies (D:8)
  A troll zombie (D:9)
  A jelly (D:9)
  A killer bee zombie (D:9)
  A jelly zombie (D:9)
  6 orc zombies (D:9)
  A dart slug (D:8)
  5 gnoll zombies
  A dart slug zombie (D:8)
  A goblin (D:9)
  A goblin zombie (D:9)
  9 plants (D:3)
47 creatures vanquished.

Grand Total: 266 creatures vanquished

Notes
Turn   | Place    | Note
-------+----------+-------------------------------------------
     0 | D:1      | browni3141 the Barachi Necromancer began the quest for the
                  | Orb.
     0 | D:1      | Reached XP level 1. HP: 13/13 MP: 3/3
   242 | D:1      | Reached XP level 2. HP: 16/22 MP: 3/5
   474 | D:1      | Reached XP level 3. HP: 20/27 MP: 0/6
  1073 | D:2      | Found a faded altar of an unknown god.
  1304 | D:2      | Reached XP level 4. HP: 34/34 MP: 4/7
  1503 | D:2      | Reached skill level 3 in Fighting
  1503 | D:2      | Reached skill level 3 in Armour
  1504 | D:2      | Identified the +1 ring mail of Sorcery {-Tele rC++ Dex+5}
  2272 | D:3      | Learned a level 3 spell: Vampiric Draining
  2273 | D:3      | Reached XP level 5. HP: 42/42 MP: 0/8
  2480 | D:3      | Found a radiant altar of Vehumet.
  2489 | D:3      | Found an opulent altar of Gozag.
  2499 | D:3      | Found Gozag's Platinum Reserve.
  2691 | D:3      | Noticed Jessica
  2696 | D:3      | Killed Jessica
  2697 | D:3      | Reached skill level 4 in Necromancy
  2870 | D:4      | Noticed an ogre
  2879 | D:4      | Killed an ogre
  2880 | D:4      | Reached XP level 6. HP: 27/48 MP: 5/9
  2956 | D:4      | Found a glowing drain.
  2981 | Sewer    | Entered a sewer
  3028 | Sewer    | Reached skill level 3 in Dodging
  3269 | Sewer    | Reached XP level 7. HP: 54/54 MP: 6/10
  3612 | Sewer    | Reached skill level 5 in Necromancy
  4379 | D:5      | Entered Level 5 of the Dungeon
  4396 | D:4      | Reached skill level 3 in Evocations
  4409 | D:5      | Reached skill level 6 in Necromancy
  4535 | D:5      | Reached XP level 8. HP: 34/60 MP: 7/11
  4569 | D:5      | Reached skill level 3 in Spellcasting
  4754 | D:5      | Reached skill level 7 in Necromancy
  5265 | D:6      | Learned a level 4 spell: Animate Dead
  5599 | D:6      | Reached skill level 8 in Necromancy
  5888 | D:6      | Noticed Prince Ribbit
  5902 | D:6      | Killed Prince Ribbit
  5903 | D:6      | Reached XP level 9. HP: 27/68 MP: 2/13
  6498 | D:6      | Reached skill level 6 in Fighting
  6733 | D:7      | Found a staircase to the Ecumenical Temple.
  6909 | Temple   | Entered the Ecumenical Temple
  7108 | Temple   | Became a worshipper of Kikubaaqudgha
  7329 | D:8      | Reached skill level 9 in Necromancy
  7357 | D:8      | HP: 3/69 [poisoned by a killer bee]
  8463 | D:7      | Reached skill level 10 in Necromancy
  8638 | D:8      | Reached XP level 10. HP: 50/76 MP: 14/14
  8746 | D:8      | Found a burning altar of Makhleb.
  8752 | D:8      | Found a sacrificial altar of Ru.
  8759 | D:8      | Found a stormy altar of Qazlal.
  8839 | D:8      | Reached skill level 3 in Long Blades
  8845 | D:8      | Reached * piety under Kikubaaqudgha
  8845 | D:8      | Received a gift from Kikubaaqudgha
  9136 | D:8      | Noticed a death yak
  9136 | D:8      | Noticed a death yak
  9866 | D:8      | Found a staircase to the Lair.
  9867 | D:8      | Noticed a death yak
  9913 | D:8      | Killed a death yak
  9914 | D:8      | Reached skill level 11 in Necromancy
  9915 | D:8      | Killed a death yak
  9921 | D:8      | Reached skill level 6 in Long Blades
 10158 | D:8      | Killed a death yak
 10159 | D:8      | Reached skill level 12 in Necromancy
 10159 | D:8      | Reached XP level 11. HP: 28/81 MP: 0/15
 10786 | D:9      | Identified 2 scrolls of acquirement
 10790 | D:8      | Acquired 739 gold pieces
 10792 | D:8      | Acquired the +3 pair of gauntlets of War {Slay+5}
 10792 | D:8      | Found the +3 pair of gauntlets of War {Slay+5}
 10849 | D:8      | Learned a level 4 spell: Anguish
 11398 | D:9      | Noticed a centaur warrior
 11399 | D:9      | Noticed a six-headed hydra
 11401 | D:9      | Noticed a cyclops
 11407 | D:9      | Killed a centaur warrior
 11423 | D:9      | Killed a six-headed hydra
 11425 | D:9      | Reached skill level 3 in Hexes
 11429 | D:9      | Killed a cyclops
 11593 | D:9      | Noticed Erica
 11595 | D:9      | Noticed a tengu warrior
 11609 | D:9      | Killed Erica
 11615 | D:9      | HP: 2/83 [tengu warrior/+0 battleaxe (12)]
 11616 | D:9      | Killed a tengu warrior
 11617 | D:9      | Reached skill level 6 in Armour
 11770 | D:9      | Identified the +0 broad axe "Amyr" {heavy, SInv}
 11770 | D:9      | Identified the ring "Yvvossol" {rCorr Str+6 Dex+7}
 11770 | D:9      | Noticed a centaur warrior
 11785 | D:9      | Slain by a centaur warrior

Illustrated notes

Levels and vault maps discovered:
D:1:      wander_arrival_estate, layout_loops_ring
D:2:      layout_loops_ring, ebering_ecumenical_altar_hall, serial_aquarium,
          aquarium_bridge_long_joined [aquarium_subvault_bridge,
          aquarium_subvault_window, aquarium_subvault_bridge,
          aquarium_subvault_wall, aquarium_subvault_window,
          aquarium_subvault_balcony], aquarium_bridge_island_small
          [aquarium_subvault_small_water, aquarium_subvault_bridge,
          aquarium_subvault_window, aquarium_subvault_bridge,
          aquarium_subvault_bridge], aquarium_window_2, aquarium_window_2,
          aquarium_window_1, aquarium_view_4, aquarium_view_2f,
          aquarium_balcony_3a
D:3:      layout_rooms, fiery_altar_vehumet, nicolae_gozag_zags_fifth_avenue,
          serial_bayou, serial_bayou_pond_a, serial_bayou_lake_a,
          serial_bayou_pond_d, serial_bayou_ford_a, uniq_jessica
D:4:      layout_basic, portal_sewer_entry_d, chequers_serial_rivers_micro_c
D:5:      layout_cave_pools, grunt_ministairs_15, minmay_ogre_servants
D:6:      layout_cave_pods, uniq_prince_ribbit1
D:7:      layout_basic, minmay_temple_entry_hall, grunt_decor_mini_mirrors,
          minmay_manual_mandibuliform
D:8:      layout_basic, minitemple, dpeg_lair_monsters
D:9:      minmay_the_grid_four_pointed_star_mashed
          [minmay_the_grid_triangle_9x9_corruption,
          minmay_the_grid_triangle_9x9_subtriangle,
          minmay_the_grid_triangle_9x9_skeleton,
          minmay_the_grid_triangle_9x9_sprig,
          minmay_the_grid_prize_four_corners_diamond_a], layout_irregular_city,
          serial_shops, nicolae_lakefront_shop, minmay_misc_feat_pillars,
          uniq_erica
Temple:   minmay_crystal_spiral_temple

Skill      XL: |  1  2  3  4  5  6  7  8  9 10 11 |
---------------+----------------------------------+-----
Fighting       | 1 2 4 5 6 |  6.9
Armour         | 1 2 3 4 5 6 |  6.0
Necromancy     | 4 6 8 10 12 | 12.0
Stealth        | 2 |  2.0
Short Blades   | 1 2 |  2.0
Evocations     | 1 2 3 |  3.0
Dodging        | 3 5 |  5.8
Spellcasting   | 3 |  3.0
Long Blades    | 2 6 8 |  8.4
Hexes          | 4 |  4.0

Action                     |  1- 3 |  4- 6 |  7- 9 | 10-12 || total
---------------------------+-------+-------+-------+-------++-------
  Melee: Short sword       |    64 |   107 |   247 |    63 ||   481
         Punch             |     2 |       |     4 |     3 ||     9
         Falchion          |       |       |    63 |    80 ||   143
         Staff             |       |       |     1 |     7 ||     8
  Throw: Dart              |       |       |    18 |     9 ||    27
   Cast: Necrotise         |    41 |    68 |    62 |       ||   171
         Vampiric Draining |       |       |    19 |    22 ||    41
         Animate Dead      |       |       |     1 |     4 ||     5
 Invoke: Unearth Wretches  |       |       |       |     3 ||     3
Ability: Hop               |       |     1 |     7 |    11 ||    19
  Evoke: Wand              |       |     2 |     9 |     6 ||    17
    Use: Scroll            |     2 |       |     3 |     7 ||    12
         Potion            |       |       |     1 |     3 ||     4
   Stab: Distracted        |       |     1 |       |       ||     1
         Sleeping          |       |     1 |       |       ||     1
         Paralysed         |       |       |     6 |     1 ||     7
 Armour: Ring mail         |    35 |    57 |   153 |    88 ||   333
         Robe              |     1 |       |       |       ||     1
  Dodge: Dodged            |    54 |    98 |   180 |   151 ||   483
